 Dungeon Sprint DCSS version 0.27.1-1-g398f81649c (webtiles) character file.

Game seed: 13976529891261287075

191 szrap the Magician (level 6, 24/47 HPs)
             Began as a Djinni Warper on Sept 15, 2021.
             Quit the game in the Dungeon (Sprint V: "Ziggurat Sprint").
             The game lasted 00:02:00 (104 turns).

szrap the Magician (Djinni Warper)                   Turns: 104, Time: 00:02:01

Health: 24/47      AC: 23    Str: 10    XL:     6   Next: 2%
Gold:   0          EV: -11   Int: 17    God:
                   SH: 26    Dex: 12

rFire    + + +     SeeInvis .   D - +8 lance "Wyrmbane" {slay drac, rPois rF+ rC+ AC+3}
rCold    . . .     Faith    .   B - +18 shield of the Gong {rElec rN+ Will+ EV-5}
rNeg     + . .     Spirit   .   r - +5 crystal plate armour
rPois    ∞         Reflect  .   (no helmet)
rElec    +         Harm     .   (no cloak)
rCorr    .         Rampage  .   (no gloves)
Will     +....     NoTele   +   (boots unavailable)
Stlth    ..........             (no amulet)
HPRegen  0.15/turn              (no ring)
MPRegen  0.00/turn              (no ring)

@: flying
A: sickness immunity, fire resistance 2, cold vulnerability 1, float, innate
caster, hp casting, extra vitality 1
a: no special abilities


You were in the Dungeon.
You visited 1 branch

Inventory:

Hand Weapons
 C - the +7 great mace "Firestarter" {inner flame, rF++}
   (You found it in the Dungeon)

   It burns those it strikes, dealing additional fire damage.
   It fills those it strikes with an explosive inner flame.
   It grants immunity to clouds of flame.
   rF:        It greatly protects you from fire.
 D - the +8 lance "Wyrmbane" (weapon) {slay drac, rPois rF+ rC+ AC+3}
   (You found it in the Dungeon)

   It inflicts extra damage against dragons and draconians.
   AC:        It affects your AC (+3).
   rF:        It protects you from fire.
   rC:        It protects you from cold.
   rPois:     It protects you from poison.
Missiles
 c - 5 boomerangs of dispersal (quivered)
Armour
 a - a +0 leather armour
 q - a +3 tower shield
 r - a +5 crystal plate armour (worn)
 B - the +18 shield of the Gong (worn) {rElec rN+ Will+ EV-5}
   (You found it in the Dungeon)

   It is deafeningly noisy when blocking attacks.
   EV:        It affects your evasion (-5).
   rElec:     It insulates you from electricity.
   rN:        It protects you from negative energy.
   Will:      It increases your willpower.
Jewellery
 v - a +6 ring of dexterity
 w - a +6 ring of dexterity
 x - a +6 ring of intelligence
 y - a +6 ring of intelligence
 z - a +6 ring of strength
 A - a +6 ring of strength
Wands
 s - a wand of mindburst (7)
 t - a wand of iceblast (7)
 u - a wand of acid (7)
Scrolls
 b - 5 scrolls of blinking
 m - 7 scrolls of fog
 n - a scroll of holy word
 o - 5 scrolls of identify
 p - 2 scrolls of fear
Potions
 d - 10 potions of curing
 e - 10 potions of heal wounds
 f - 6 potions of haste
 g - 3 potions of berserk rage
 h - 2 potions of brilliance
 i - 2 potions of invisibility
 j - 4 potions of resistance
 k - a potion of experience
 l - 5 potions of might


   Skills:
 + Level 4.1 Fighting
 + Level 2.4 Polearms
 + Level 1.1 Throwing
 + Level 2.0 Armour
 + Level 4.0 Dodging
 + Level 2.8 Shields
 + Level 4.1 Unarmed Combat
 + Level 6.5 Spellcasting


You couldn't memorise any spells.
You knew the following spells:

 Your Spells              Type           Power      Damage    Failure   Level
a - Blink                 Tloc           N/A        N/A       100%        2
b - Lesser Beckoning      Tloc           13%        N/A       100%        3
c - Gell's Gravitas       Tloc           13%        N/A       100%        3
d - Teleport Other        Tloc           27%        N/A       100%        3
e - Manifold Assault      Tloc           27%        N/A       100%        5
f - Shock                 Conj/Air       100%       1d9       100%        1
g - Passwall              Tmut/Erth      22%        N/A       100%        2
Your spell library was empty.


Dungeon Overview and Level Annotations

Branches:
Dungeon (1/1)

Altars:
Ashenzari
Cheibriados
Dithmenos
Elyvilon
Fedhas
Gozag
Hepliaklqana
Kikubaaqudgha
Makhleb
Nemelex Xobeh
Okawaru
Qazlal
Ru
Sif Muna
Trog
Uskayaw
Vehumet
Wu Jian
Xom
Yredelemnul
Zin
The Shining One
Beogh
Jiyva
Lugonu

Annotations:
D 1 transporter


Innate Abilities, Weirdness & Mutations

You are immune to sickness and miasma.
You are immune to poison.
Your flesh is very heat resistant. (rF++)
You are vulnerable to cold. (rC-)
You float through the air rather than walking.
You learn spells naturally, not from books.
Your magical power is your life essence.
You have superior vitality. (+4 HP)


Message History

BOUMMMMG!
You block the slime creature's attack.
BOUMMMMG!
Unknown command.
You hit the slime creature.
The slime creature is almost dead.
You block the endoplasm's attack.
GONNNNG!
You block the slime creature's attack.
SHROANNG!
The endoplasm hits you but does no damage.
You hit the slime creature.
You kill the slime creature!
The endoplasm freezes you.
You are frozen.
Your Fighting skill gained 2 levels and is now at level 4!
Your Polearms skill gained 2 levels and is now at level 2!
Your Throwing skill increases to level 1!
Your Armour skill increases to level 2!
Your Dodging skill gained 2 levels and is now at level 4!
Your Shields skill gained 2 levels and is now at level 2!
Your Unarmed Combat skill gained 2 levels and is now at level 4!
Your Spellcasting skill gained 4 levels and is now at level 6!
You have reached level 2!
You have reached level 3!
Your experience leads to an increase in your attributes!
Increase (S)trength, (I)ntelligence, or (D)exterity?
You feel clever.
The power to cast Shock wells up from within.
Spell assigned to 'f'.
You have reached level 4!
You feel clever.
You have reached level 5!
The power to cast Passwall wells up from within.
Spell assigned to 'g'.
You have reached level 6!
Your experience leads to an increase in your attributes!
Increase (S)trength, (I)ntelligence, or (D)exterity?
You feel clever.
Are you sure you want to abandon this character and quit the game? (Confirm with "yes".)

▓▓▓▓▓▓▓
▓.8©8.▓
▓.....▓
▓.}.[.▓
▓.....▓
▓..J..▓
▓..@..▓
▓▓▓▓▓▓▓


You could see an endoplasm.

Vanquished Creatures
  A slime creature (D)
1 creature vanquished.

Notes
Turn   | Place    | Note
-------+----------+-------------------------------------------
     0 | D        | szrap the Djinni Warper began the quest for the Orb.
     0 | D        | Reached XP level 1. HP: 18/18 MP: 0/0
     2 | D        | Found a blossoming altar of Fedhas.
     2 | D        | Found the +6 Majin-Bo {vamp, MP+6 Int+6}
     2 | D        | Found the +9 heavy crossbow "Sniper" {vorpal, Acc+∞ SInv}
     2 | D        | Found the +10 dark maul {vorpal}
     2 | D        | Found the +15 Maxwell's patent armour {-Cast -Tele rElec
                  | Will+ rCorr}
     2 | D        | Found the +18 shield of the Gong {rElec rN+ Will+ EV-5}
     2 | D        | Found the +14 obsidian axe {vorpal, Drain Fly SInv}
     2 | D        | Found the +7 great mace "Firestarter" {inner flame, rF++}
     2 | D        | Found the +6 shillelagh "Devastator" {shatter}
     2 | D        | Found the +11 plutonium sword {Contam Stlth-}
     2 | D        | Found the +8 lance "Wyrmbane" {slay drac, rPois rF+ rC+
                  | AC+3}
     2 | D        | Found the +9 sword of Zonguldrok {reap}
     2 | D        | Found the +13 scythe of Curses {drain, Drain}
     2 | D        | Found the +5 sword of Power {vorpal}
     2 | D        | Found the +7 mace of Variability {chain chaos}
     2 | D        | Found the +7 Singing Sword {vorpal, sonic wave}
     2 | D        | Found the +8 storm bow {elec, penet}
     3 | D        | Found a sacrificial altar of Ru.
     3 | D        | Found a bloodstained altar of Trog.
     3 | D        | Found a stormy altar of Qazlal.
     3 | D        | Found an iron altar of Okawaru.
     3 | D        | Found a sparkling altar of Nemelex Xobeh.
     5 | D        | Found a transporter.
     5 | D        | Found a viscous altar of Jiyva.
     5 | D        | Found a corrupted altar of Lugonu.
     5 | D        | Found a hazy altar of Hepliaklqana.
     5 | D        | Found a burning altar of Makhleb.
     5 | D        | Found an opulent altar of Gozag.
    93 | D        | Entered arena 2.
    93 | D        | Noticed a slime creature
    93 | D        | Found a transporter.
   103 | D        | Killed a slime creature
   104 | D        | Reached skill level 1 in Throwing
   104 | D        | Reached skill level 6 in Spellcasting
   104 | D        | Reached XP level 2. HP: 13/26 MP: 0/0
   104 | D        | Reached XP level 3. HP: 16/31 MP: 0/0
   104 | D        | Learned a level 1 spell: Shock
   104 | D        | Reached XP level 4. HP: 19/37 MP: 0/0
   104 | D        | Reached XP level 5. HP: 21/41 MP: 0/0
   104 | D        | Learned a level 2 spell: Passwall
   104 | D        | Reached XP level 6. HP: 24/47 MP: 0/0
   104 | D        | Quit the game

Illustrated notes

Levels and vault maps discovered:
D:        sprint_v [room_start, room_1, room_2, room_3, room_4, room_5, room_6,
          room_7, room_8, room_9, room_10, room_11, room_12, room_13, room_14,
          room_15, room_16, room_17, room_18, room_19, room_20, room_21,
          room_22, room_23, room_24, room_25, room_26, room_27]

Skill      XL: |  1 |
---------------+----+-----
Fighting       | 4 |  4.1
Polearms       | 2 |  2.4
Throwing       | 1 |  1.1
Armour         | 2 |  2.0
Dodging        | 4 |  4.0
Shields        | 2 |  2.8
Unarmed Combat | 4 |  4.1
Spellcasting   | 6 |  6.5

Action                   |  1- 3 |  4- 6 || total
-------------------------+-------+-------++-------
Melee: Lance             |    10 |       ||    10
Armor: Crystal plate arm |     4 |       ||     4
Block: Kite shield       |    16 |       ||    16
